[Event "Biel Main Tournament 2019"]
[Site "Biel"]
[Date "2019.07.31"]
[Round "9.5"]
[White "Lips, Adrian"]
[Black "Meinecke, Florian"]
[Result "1/2-1/2"]
[ECO "B13"]
[WhiteElo "1817"]
[BlackElo "1968"]
[Annotator "NA"]
[PlyCount "20"]
[EventDate "2019.07.20"]
[EventType "swiss"]
[EventCountry "SUI"]
[SourceTitle "playchess.com"]
[Source "ChessBase"]
[SourceQuality "1"]
[TimeControl "40/5400+30:1800+30"]

1. e4 c6 2. d4 d5 3. exd5 cxd5 4. Bd3 Nc6 5. c3 Nf6 6. Bf4 e6 7. Nf3 Bd6 8. Bxd6 Qxd6 9. O-O O-O 10. Nbd2 Re8 1/2-1/2

[Event "Biel Main Tournament 2019"]
[Site "Biel"]
[Date "2019.07.31"]
[Round "9.7"]
[White "Lehmann, Daniel"]
[Black "Jud, Marc"]
[Result "1/2-1/2"]
[ECO "D97"]
[WhiteElo "1685"]
[BlackElo "1940"]
[Annotator "NA"]
[PlyCount "26"]
[EventDate "2019.07.20"]
[EventType "swiss"]
[EventCountry "SUI"]
[SourceTitle "playchess.com"]
[Source "ChessBase"]
[SourceQuality "1"]
[TimeControl "40/5400+30:1800+30"]

1. d4 Nf6 2. c4 g6 3. Nc3 d5 4. Nf3 Bg7 5. Qb3 dxc4 6. Qxc4 c6 7. e4 O-O 8. Be2 h6 9. O-O Be6 10. Qd3 Na6 11. Bf4 Qe8 12. Rfd1 Kh7 13. h3 Rd8 1/2-1/2

[Event "Biel Main Tournament 2019"]
[Site "Biel"]
[Date "2019.07.31"]
[Round "9.8"]
[White "Meyer, Prosper"]
[Black "Stadler, Rudolf"]
[Result "1-0"]
[ECO "A80"]
[WhiteElo "1916"]
[BlackElo "1842"]
[Annotator "NA"]
[PlyCount "27"]
[EventDate "2019.07.20"]
[EventType "swiss"]
[EventCountry "SUI"]
[SourceTitle "playchess.com"]
[Source "ChessBase"]
[SourceQuality "1"]
[TimeControl "40/5400+30:1800+30"]

1. d4 f5 2. Nc3 e6 3. e4 fxe4 4. Nxe4 Nf6 5. Bd3 g6 6. Nxf6+ Qxf6 7. Nf3 Nc6 8. Bg5 Qf7 9. c3 Bg7 10. Qe2 d5 11. b4 O-O 12. O-O h6 13. Be3 Re8 14. h4 1-0

[Event "Biel Main Tournament 2019"]
[Site "Biel"]
[Date "2019.07.31"]
[Round "9.9"]
[White "Jenny, Philipp"]
[Black "Lada, Ireneusz"]
[Result "0-1"]
[ECO "B16"]
[WhiteElo "1752"]
[BlackElo "1914"]
[Annotator "NA"]
[PlyCount "64"]
[EventDate "2019.07.20"]
[EventType "swiss"]
[EventCountry "SUI"]
[SourceTitle "playchess.com"]
[Source "ChessBase"]
[SourceQuality "1"]
[TimeControl "40/5400+30:1800+30"]

1. e4 c6 2. Nc3 d5 3. Nf3 dxe4 4. Nxe4 Nf6 5. Nxf6+ gxf6 6. d4 Bf5 7. Bd3 Bg6 8. Bf4 e6 9. O-O Bd6 10. Bxd6 Qxd6 11. Re1 Nd7 12. c4 Rd8 13. Bxg6 hxg6 14. d5 cxd5 15. cxd5 e5 16. Qb3 Kf8 17. Qxb7 e4 18. Qc6 Qf4 19. Nd4 Qxh2+ 20. Kf1 Kg7 21. Qc7 Nb6 22. Rac1 Qh1+ 23. Ke2 Qh5+ 24. Kf1 Rd7 25. Qf4 Nxd5 26. Qg3 Nb4 27. Rxe4 Rxd4 28. Rxd4 Qh1+ 29. Ke2 Qxc1 30. Rxb4 Re8+ 31. Kf3 Qd1+ 32. Kf4 Qd6+ 0-1